 Dungeon Crawl Stone Soup version 0.25-a0-869-g05d4e06a41 (webtiles) character file.

Game seed: 3278484539278914827, levelgen mode: deterministic

1087 Maedhros the Spear-Bearer (level 8, 0/52 HPs)
             Began as an Octopode Chaos Knight on May 1, 2020.
             Was a Plaything of Xom.
             Slain by a gnoll (2 damage)
             ... on level 5 of the Dungeon.
             The game lasted 00:04:30 (2979 turns).

Maedhros the Spear-Bearer (Octopode Chaos Knight)   Turns: 2979, Time: 00:04:31

Health: 0/52       AC:  3    Str: 11    XL:     8   Next: 30%
Magic:  8/8        EV: 13    Int: 15    God:    Xom [..*...]
Gold:   140        SH:  3    Dex: 13    Spells: 7/7 levels left

rFire    . . .     SeeInvis .   a - +0 spear (chaos)
rCold    + + .     Gourm    .   v - +0 buckler
rNeg     . . .     Faith    .   r - +2 hat
rPois    .         Spirit   .   (no amulet)
rElec    .         Reflect  .   n - ring of protection from cold
rCorr    .         Harm     .   q - ring of protection from cold
MR       .....                  o - ring of flight
Stlth    ++........             (no ring)
HPRegen  0.17/turn              (no ring)
MPRegen  0.11/turn              (no ring)
                                (no ring)
                                (no ring)

@: lethally poisoned (0 -> 0)
A: almost no armour, stealthy swim, amphibious, 8 rings, constrict 8, camouflage
1, gelatinous body 1
a: Renounce Religion, Evoke Flight


You were on level 5 of the Dungeon.
You worshipped Xom.
You were a toy of Xom.
You were near starving.

You visited 1 branch of the dungeon, and saw 5 of its levels.

You collected 195 gold pieces.
You spent 55 gold pieces at shops.

Inventory:

Hand Weapons
 a - a +0 spear of chaos (weapon)
Missiles
 t - 4 javelins (quivered)
Armour
 r - a +2 hat (worn)
 v - a +0 buckler (worn)
Jewellery
 h - an uncursed ring of ice
 n - a ring of protection from cold (left tentacle)
 o - a ring of flight (on tentacle)
 q - a ring of protection from cold (right tentacle)
Scrolls
 c - a scroll of amnesia
 e - 4 scrolls of immolation
 i - 4 scrolls of fear
 j - 2 scrolls of enchant armour
 k - a scroll of enchant weapon
 l - a scroll of magic mapping {unknown}
Potions
 d - a potion of degeneration {unknown}
 f - a potion of heal wounds
 g - 5 potions of curing {unknown}
 m - 2 potions of invisibility {unknown}
 p - a potion of brilliance {unknown}
 s - a potion of might {unknown}
 u - 2 potions of lignification {unknown}
Comestibles
 b - 7 rations


   Skills:
 - Level 3.0 Fighting
 + Level 10.0 Polearms
 - Level 2.3 Dodging


You had 7 spell levels left.
You didn't know any spells.
Your spell library was empty.

Dungeon Overview and Level Annotations

Branches:
Dungeon (5/15)
 Temple: D:4-7

Altars:
Xom

Shops:
D:4 *   D:5 *

Annotations:
D:5 Dowan, Duvessa


Innate Abilities, Weirdness & Mutations

You cannot wear most types of armour.
You are very stealthy in the water. (Stealth+)
You are amphibious.
You can wear up to eight rings at the same time.
You can use your tentacles to constrict eight enemies at once.
Your skin changes colour to match your surroundings (Stealth+).
Your rubbery body absorbs attacks. (AC +1, EV +1)


Message History

Your squeeze misses the crimson imp.
The crimson imp blinks!
The iguana bites you! The gnoll closely misses you.
The gnoll hits you from afar with a +0 spear.
Things that are here:
a +0 club; a gnoll corpse You hit the gnoll but do no damage.
You grab the gnoll. You constrict the gnoll. The iguana bites you!
The gnoll barely misses you.
You hit the gnoll.
The gnoll is moderately wounded.
You constrict the gnoll, but do no damage.
You feel sick.
The gnoll hits you from afar with a +0 spear!
You hit the gnoll. You freeze the gnoll.
The gnoll is severely wounded.
You constrict the gnoll. The iguana bites you!
* * * LOW HITPOINT WARNING * * *
Xom thinks this is hilarious!
The gnoll hits you.
You die...
Xom roars with laughter!

#. ##.# ...
.... ..## ....
... .....
#.######......
#.............
#..#####......
####....@gg.5##
#...#.###l....#
#.#.#.# #.....#
#.#.#.# #....?#
#.#.#.#
#........
#.#.#.#
####.....
#.#.#.# ....#
#.#.#.. ...# #
#.#.#### ...#


You could see an iguana, 2 gnolls and a crimson imp.

Vanquished Creatures
  Sigmund (D:4)
  Eustachio (D:4)
  A centaur (D:4)
  2 phantoms (D:4)
  2 scorpions
  A crimson imp (D:5)
  3 hounds
  A bullfrog skeleton (D:4)
  Jessica (D:3)
  3 worker ants (D:4)
  5 gnolls
  4 adders
  A worm (D:2)
  3 dart slugs
  3 leopard geckos
  6 orcs
  2 ball pythons
  2 giant cockroaches
  3 goblins
  5 hobgoblins
  9 jackals
  3 quokkas
  7 bats
  2 frilled lizards
  3 kobolds
  A quokka skeleton (D:4)
  11 rats
86 creatures vanquished.

Vanquished Creatures (collateral kills)
  A hobgoblin (D:2)
1 creature vanquished.

Vanquished Creatures (others)
  A gnoll (D:5)
  A giant cockroach (D:2)
2 creatures vanquished.

Grand Total: 89 creatures vanquished

Notes
Turn   | Place    | Note
-------+----------+-------------------------------------------
     0 | D:1      | Maedhros the Octopode Chaos Knight began the quest for the
                  | Orb.
     0 | D:1      | Reached XP level 1. HP: 16/16 MP: 1/1
    33 | D:1      | Reached XP level 2. HP: 16/21 MP: 2/2
    38 | D:1      | XOM: divination: detect items
   205 | D:1      | XOM: silly message
   258 | D:1      | Reached skill level 4 in Polearms
   357 | D:1      | Reached XP level 3. HP: 26/26 MP: 3/3
   759 | D:2      | XOM is BORED!
   759 | D:2      | XOM: noise
   862 | D:2      | XOM: divination: magic mapping
   892 | D:2      | XOM: divination: magic mapping
   952 | D:2      | XOM: smoke on damage
  1018 | D:2      | Reached XP level 4. HP: 26/31 MP: 4/4
  1084 | D:3      | XOM: divination: detect items
  1149 | D:3      | Reached skill level 5 in Polearms
  1311 | D:3      | Noticed Jessica
  1319 | D:3      | Killed Jessica
  1357 | D:3      | XOM: scenery: create altars
  1379 | D:3      | XOM: divination: detect creatures
  1383 | D:3      | Reached XP level 5. HP: 26/36 MP: 5/5
  1487 | D:2      | XOM: scenery: 2 doors close
  1689 | D:3      | XOM: 2-stop teleportation journey
  1956 | D:4      | Found Bigguv's General Store.
  1956 | D:4      | Noticed a phantom
  1958 | D:4      | Noticed Sigmund
  2010 | D:4      | Reached skill level 6 in Polearms
  2034 | D:4      | Noticed Eustachio
  2036 | D:4      | XOM: divination: magic mapping
  2076 | D:4      | XOM: silly message
  2110 | D:4      | XOM: potion effect (stabbing)
  2126 | D:4      | XOM: potion effect (berserk rage)
  2138 | D:4      | XOM: silly message
  2139 | D:4      | XOM: divination: magic mapping
  2143 | D:4      | Killed Eustachio
  2143 | D:4      | Reached skill level 7 in Polearms
  2143 | D:4      | Reached XP level 6. HP: 26/42 MP: 6/6
  2202 | D:4      | Noticed a phantom
  2208 | D:4      | XOM: potion effect (heal wounds)
  2210 | D:4      | XOM: potion effect (berserk rage)
  2213 | D:4      | XOM: potion effect (stabbing)
  2214 | D:4      | Killed a phantom
  2214 | D:4      | Reached XP level 7. HP: 46/46 MP: 7/7
  2218 | D:4      | Reached skill level 8 in Polearms
  2264 | D:4      | Bought a potion of heal wounds for 55 gold pieces
  2383 | D:4      | Killed Sigmund
  2462 | D:4      | XOM: potion effect (brilliance)
  2485 | D:4      | XOM: potion effect (stabbing)
  2490 | D:4      | Reached skill level 9 in Polearms
  2607 | D:4      | Reached XP level 8. HP: 52/52 MP: 8/8
  2657 | D:4      | XOM: divination: magic mapping
  2857 | D:5      | Entered Level 5 of the Dungeon
  2861 | D:5      | Found Tymaqico's General Store.
  2861 | D:5      | Noticed Dowan
  2862 | D:5      | Noticed Duvessa
  2895 | D:5      | XOM: potion effect (curing)
  2966 | D:5      | Reached skill level 10 in Polearms
  2979 | D:5      | HP: 2/52 [iguana (14)]
  2979 | D:5      | Slain by a gnoll

Levels and vault maps discovered:
D:1:      minmay_arrival_radiant_lines, layout_rooms
D:2:      layout_basic
D:3:      layout_rooms, minivault_26, uniq_jessica
D:4:      layout_loops_ring, serial_shops, nicolae_shop_statue_plus,
          first_ration, uniq_sigmund, uniq_eustachio
D:5:      layout_basic, minmay_temple_entry_poolview, serial_shops, shop,
          biasface_ghost_orc_armoury, nicolae_dithmenos_through_a_glass_darkly,
          uniq_edmund, uniq_ijyb, uniq_duvessa

Skill      XL: |  1  2  3  4  5  6  7  8 |
---------------+-------------------------+-----
Polearms       | 4 5 7 9 10 | 10.0
Fighting       | |  3.0
Dodging        | |  2.3

Action                   |  1- 3 |  4- 6 |  7- 9 || total
-------------------------+-------+-------+-------++-------
Melee: Spear             |    69 |   135 |    89 ||   293
       Constrict         |    16 |    30 |    11 ||    57
       Tentacles         |     6 |    22 |    13 ||    41
  Use: Potion            |       |     2 |     1 ||     3
       Scroll            |       |       |     5 ||     5
 Stab: Sleeping          |     5 |     2 |     4 ||    11
       Paralysed         |       |     1 |     2 ||     3
  Eat: Chunk             |       |     4 |     1 ||     5
Armor: Skin              |     4 |     8 |     4 ||    16
Dodge: Dodged            |    16 |    49 |    25 ||    90
Block: Buckler           |       |       |     1 ||     1

Table legend:
 A = Non-vault XP
 B = Vault XP
 C = Vault XP percentage of total XP
 D = Non-vault monster count
 E = Vault monster count
 F = Vault count percentage of total count
                 A         B        C        D         E       F
            +---------+---------+-------+---------+---------+-------
      Total |    1069 |     485 |  31.2 |      86 |       3 |   3.4
            +---------+---------+-------+---------+---------+-------
        D:1 |      34 |       0 |   0.0 |      19 |       0 |   0.0
        D:2 |      51 |       0 |   0.0 |      15 |       0 |   0.0
        D:3 |     103 |      37 |  26.4 |      26 |       1 |   3.7
        D:4 |     677 |     448 |  39.8 |      19 |       2 |   9.5
        D:5 |     204 |       0 |   0.0 |       7 |       0 |   0.0
            +---------+---------+-------+---------+---------+-------
